 Dungeon Crawl Stone Soup version 0.30-a0-634-g8abc85282e (webtiles) character file.

Game seed: 11830255480710892503

5473 Dartaoz the Skirmisher (level 10, -3/53 HPs)
             Began as a Spriggan Hunter on Jan 14, 2023.
             Was a Follower of Fedhas.
             Slain by a hornet (14 damage)
             ... on level 9 of the Dungeon.
             The game lasted 00:31:19 (10045 turns).

Dartaoz the Skirmisher (Spriggan Hunter)           Turns: 10045, Time: 00:31:19

Health: -3/53      AC:  5    Str: 13    XL:     10   Next: 42%
Magic:  12/12      EV: 26    Int: 11    God:    Fedhas [*.....]
Gold:   520        SH:  0    Dex: 23    Spells: 9/9 levels left

rFire   . . .      SeeInvis +    a - +0 shortbow
rCold   . . .      Faith    .    (shield currently unavailable)
rNeg    . . .      Spirit   .    I - +2 robe {Will+}
rPois   .          Reflect  .    (helmet restricted)
rElec   .          Harm     .    w - +0 cloak
rCorr   .          Rampage  .    (gloves unavailable)
Will    ++...                    (boots unavailable)
Stlth   ++                       v - amulet of the acrobat
HPRegen 0.28/turn                y - +6 ring of strength
MPRegen 0.13/turn                (no ring)

@: lethally poisoned (-3 -> -8), slowed, very slow
A: very small, no large weapons, unfitting armour, see invisible, speed 3
a: Renounce Religion


You were on level 9 of the Dungeon.
You worshipped Fedhas.
Fedhas was aware of your devotion.
You visited 2 branches of the dungeon, and saw 10 of its levels.
You also visited: Ossuary.

You collected 520 gold pieces.

Inventory:

Hand Weapons
 a - a +0 shortbow (weapon)
Missiles
 s - a throwing net
Armour
 c - a +0 robe
 o - a +1 robe of willpower
 w - a +0 cloak (worn)
 I - a +2 robe of willpower (worn)
Jewellery
 t - a ring of protection from fire
 v - an amulet of the acrobat (around neck)
 y - a +6 ring of strength (left hand)
 K - an amulet of magic regeneration
Wands
 E - a wand of flame (10)
 J - a wand of mindburst (18)
Scrolls
 b - 2 scrolls of immolation
 e - 3 scrolls of teleportation
 f - a scroll of enchant armour {unknown}
 g - a scroll of poison {unknown}
 j - a scroll of brand weapon {unknown}
 l - a scroll of fear {unknown}
 q - 3 scrolls of vulnerability {unknown}
 r - a scroll of magic mapping {unknown}
 u - a scroll of noise {unknown}
 x - 3 scrolls of amnesia {unknown}
 F - 2 scrolls of enchant weapon {unknown}
 H - 2 scrolls of identify
Potions
 d - 4 potions of curing
 h - a potion of attraction
 i - 2 potions of degeneration
 k - a potion of resistance
 n - 6 potions of might
 p - 3 potions of lignification
 z - 2 potions of berserk rage
 A - a potion of cancellation {unknown}
 B - a potion of haste {unknown}
 C - 2 potions of mutation {unknown}
 D - a potion of invisibility {unknown}
 G - a potion of brilliance


   Skills:
 + Level 6.2 Fighting
 + Level 11.0 Ranged Weapons
 + Level 9.8 Dodging
 - Level 8.4 Stealth
 + Level 2.4 Invocations


You had 9 spell levels left.
You didn't know any spells.
Your spell library contained the following spells:

 Spells                   Type           Power      Damage    Failure   Level
 Magic Dart               Conj           0%         1d3       34%         1
 Sandblast                Erth           0%         2d4       34%         1
 Summon Small Mammal      Summ           0%         N/A       34%         1
 Blink                    Tloc           0%         N/A       47%         2
 Call Imp                 Summ           0%         N/A       47%         2
 Cigotuvi's Dreadful Rot  Necr/Pois/Air  0%         N/A       47%         2
 Momentum Strike          Conj/Tloc      0%         3d8       47%         2
 Passwall                 Tmut/Erth      0%         N/A       47%         2
 Poisonous Vapours        Pois/Air       0%         N/A       47%         2
 Call Canine Familiar     Summ           0%         N/A       71%         3
 Lesser Beckoning         Tloc           0%         N/A       71%         3
 Mephitic Cloud           Conj/Pois/Air  0%         N/A       71%         3
 Portal Projectile        Hex/Tloc       0%         N/A       71%         3
 Stone Arrow              Conj/Erth      0%         3d7       71%         3
 Summon Guardian Golem    Hex/Summ       0%         N/A       71%         3
 Tukima's Dance           Hex            0%         N/A       71%         3
 Dispel Undead            Necr           0%         3d6       98%         4
 Blade Hands              Tmut           0%         N/A       100%        5
 Death Channel            Necr           0%         N/A       100%        6


Dungeon Overview and Level Annotations

Branches:
Dungeon (9/15)             Temple (1/1) D:7         Ossuary (visited)
   Lair: D:8-11         Orc: D:9-12

Altars:
Ashenzari
Cheibriados
Elyvilon
Fedhas
Gozag
Hepliaklqana
Kikubaaqudgha
Makhleb
Nemelex Xobeh
Okawaru
Qazlal
Ru
Sif Muna
Trog
Uskayaw
Vehumet
Wu Jian
Xom
Yredelemnul
Zin
The Shining One

Shops:
D:1 (

Portals:
Bailey: D:8

Annotations:
D:5 1 runed translucent door


Innate Abilities, Weirdness & Mutations

You are very small and have problems with some larger weapons.
You are too small for most types of armour.
You have supernaturally acute eyesight. (SInv)
You cover ground extremely quickly. (Speed+++)


Message History

You shoot an arrow. The arrow barely misses the hornet.
The hornet closely misses you. The hornet completely misses you.
You shoot an arrow. The arrow hits the hornet.
The hornet is lightly wounded.
The hornet closely misses you.
You shoot an arrow. The arrow barely misses the hornet.
The hornet completely misses you. The hornet barely misses you.
You shoot an arrow. The arrow barely misses the hornet.
The hornet misses you.
You shoot an arrow. The arrow hits the hornet!
The hornet is heavily wounded.
The hornet completely misses you. The hornet misses you.
You shoot an arrow. The arrow hits the hornet.
The hornet is severely wounded.
The hornet stings you!
You feel yourself slow down.
You shoot an arrow. The arrow hits the hornet!
The hornet is almost dead.
The hornet stings you!
You feel as though you will be slow longer.
The hornet barely misses you.
You shoot an arrow. The arrow closely misses the hornet.
The hornet misses you. The hornet completely misses you.
You shoot an arrow. The arrow misses the hornet.
The hornet completely misses you. x2
You shoot an arrow. The arrow misses the hornet.
You feel yourself speed up. The hornet completely misses you.
The hornet stings you!
You are poisoned.
You suddenly lose the ability to move!
The hornet barely misses you.
You feel very sick. The hornet stings you.
* * * LOW HITPOINT WARNING * * *
You feel yourself slow down.
You can move again.
You are too injured to fight recklessly!
You are too injured to fight recklessly!
You shoot an arrow. The arrow hits the hornet.
The hornet is almost dead.
You feel sick. The hornet stings you!
You die...
Fedhas appreciates your contribution to the ecosystem.

##..##..........#
...###........#.#
.#####.......♣♣.♣
.............♣~.♣
#....#....##♣♣~~♣
...####...♣ ♣~~♣ ****
.#######.♣♣♣♣♣P~♣♣*♣♣♣..*
..........P~.♣.~~♣PP.P..*
.######...~~.~~~@y~.~...*
.######.#.P♣♣♣~~.~~P♣♣..*
.........♣♣♣ ♣♣~♣♣♣♣♣*,,*
..#####.###♣♣*P~P**,,,,,*
.###........♣♣.~♣**,,,,,*
.....###....#♣~~♣*,,,,,,*
...>.# #....#♣♣..*,,,,,,*
.....###....#*..,,,,,,,,*
............#************


You could see a hornet.

Vanquished Creatures
  A hornet (D:7)
  Prince Ribbit (D:5)
  Sigmund (D:5)
  3 wyverns
  The ghost of Bnni the Tormented, an amateur DsNe of Kikubaaqudgha (D:5)
  3 water moccasins
  3 ice beasts
  A black bear (D:6)
  3 ogres
  3 centaurs
  A phantom (D:5)
  3 elf zombies (Ossuary)
  3 kobold brigands
  4 bullfrogs
  Blork the orc (D:4)
  7 scorpions
  3 necrophages
  A gnoll sergeant (D:8)
  6 wights
  4 killer bees
  4 howler monkeys
  2 centaur zombies (Ossuary)
  3 orc priests
  A jelly (D:5)
  Crazy Yiuf (D:6)
  A human zombie (Ossuary)
  4 hounds
  An iguana (D:6)
  6 orc wizards
  2 hound zombies (Ossuary)
  3 mummies (Ossuary)
  15 gnolls
  13 adders
  A river rat (D:5)
  3 shadow imps
  2 white imps
  3 adder zombies (Ossuary)
  4 worms
  3 dart slugs
  28 orcs
  3 endoplasms
  2 giant cockroaches
  10 goblins
  9 hobgoblins
  4 quokkas
  5 ball pythons
  2 bats
  3 frilled lizards
  7 goblin zombies (Ossuary)
  2 hobgoblin zombies (Ossuary)
  4 jackal zombies (Ossuary)
  24 kobolds
  3 kobold zombies (Ossuary)
  2 orc zombies (Ossuary)
  3 quokka zombies (Ossuary)
  12 rats
  3 rat zombies (Ossuary)
251 creatures vanquished.

Vanquished Creatures (others)
  4 plants
4 creatures vanquished.

Grand Total: 255 creatures vanquished

Notes
Turn   | Place    | Note
-------+----------+-------------------------------------------
     0 | D:1      | Dartaoz the Spriggan Hunter began the quest for the Orb.
     0 | D:1      | Reached XP level 1. HP: 10/10 MP: 2/2
   398 | D:1      | Found Faras's Weapon Boutique.
   415 | D:1      | Reached XP level 2. HP: 13/14 MP: 3/3
  1031 | D:2      | Reached skill level 5 in Ranged Weapons
  1031 | D:2      | Reached XP level 3. HP: 18/18 MP: 4/4
  1089 | D:2      | Reached XP level 4. HP: 22/22 MP: 5/5
  1115 | D:2      | Reached skill level 6 in Ranged Weapons
  1262 | D:2      | Found a faded altar of an unknown god.
  1334 | D:2      | Reached XP level 5. HP: 11/25 MP: 6/6
  1782 | D:3      | Found an ancient bone altar of Kikubaaqudgha.
  2694 | D:4      | Reached skill level 7 in Ranged Weapons
  2742 | D:4      | Reached XP level 6. HP: 20/30 MP: 7/7
  2789 | D:4      | Found a sparkling altar of Nemelex Xobeh.
  2811 | D:4      | Noticed Blork the orc
  2815 | D:4      | Killed Blork the orc
  2867 | D:4      | Reached skill level 8 in Ranged Weapons
  2914 | D:4      | Noticed a moth of wrath
  2917 | D:4      | Found a bloodstained altar of Trog.
  3356 | D:5      | Entered Level 5 of the Dungeon
  3369 | D:5      | Reached XP level 7. HP: 27/34 MP: 8/8
  3436 | D:5      | Found a runed translucent door.
  3442 | D:5      | Noticed Bnni's ghost (amateur DsNe)
  3464 | D:5      | Found a runed translucent door.
  3630 | D:5      | Noticed Sigmund
  3659 | D:5      | Killed Sigmund
  3718 | D:5      | Reached XP level 8. HP: 39/39 MP: 9/9
  3745 | D:5      | Reached skill level 5 in Dodging
  3745 | D:5      | Reached skill level 5 in Stealth
  4003 | D:5      | Reached skill level 9 in Ranged Weapons
  4215 | D:5      | Noticed Prince Ribbit
  4344 | D:5      | Killed Prince Ribbit
  4743 | D:5      | Reached XP level 9. HP: 45/45 MP: 10/10
  5062 | D:5      | Killed Bnni's ghost
  5533 | D:6      | Found a radiant altar of Vehumet.
  5950 | D:6      | Found a glowing golden altar of the Shining One.
  6036 | D:6      | Found a runed translucent door.
  6037 | D:6      | Noticed Crazy Yiuf
  6042 | D:6      | Killed Crazy Yiuf
  6111 | D:7      | Found a sand-covered staircase.
  6122 | Ossuary  | Entered an ossuary
  6133 | Ossuary  | Reached skill level 10 in Ranged Weapons
  6283 | Ossuary  | Reached skill level 5 in Fighting
  6764 | D:7      | Found a staircase to the Ecumenical Temple.
  7277 | D:7      | Found an ornate altar of the Wu Jian Council.
  7464 | D:7      | Reached XP level 10. HP: 43/53 MP: 11/11
  7621 | Temple   | Entered the Ecumenical Temple
  7827 | Temple   | Became a worshipper of Fedhas Madash
  8372 | D:8      | Reached skill level 1 in Invocations
  8792 | D:8      | Found a flagged portal.
  8818 | D:8      | Reached * piety under Fedhas
  9295 | D:9      | Reached skill level 11 in Ranged Weapons
  9584 | D:9      | Paralysed by a hornet for 2 turns
 10043 | D:9      | Paralysed by a hornet for 2 turns
 10045 | D:9      | Slain by a hornet

Illustrated notes

Levels and vault maps discovered:
D:1:      wheals_arrival_linesprint, layout_basic, serial_shops,
          nicolae_shop_bloodbath_and_beyond
D:2:      layout_rooms, hellmonk_ecumenical_altar_zigzags, minmay_pentomino_o4
D:3:      layout_basic, lemuel_crystal_altar
D:4:      layout_basic, tgw_trog, nemelex_xobeh_ov_fountains_minmay,
          uniq_blork_the_orc
D:5:      minmay_recursive_quarters, layout_loops_ring, ebering_ghost_sewer_f,
          uniq_prince_ribbit1, uniq_sigmund
D:6:      layout_basic, mainiacjoe_overflow_brackets, kennysheep_mini_moat,
          uniq_crazy_yiuf_cottage
D:7:      layout_basic, pdpol_wu_jian_five_deadly_venoms,
          minmay_temple_entry_gardened_gates,
          lightli_ossuary_entry_decrepit_ruins, kennysheep_generic_room_6
D:8:      layout_cave_pods, enter_bailey_4
D:9:      layout_rooms, serial_bayou_crossing
Temple:   nicolae_temple_bog_church

Skill      XL: |  1  2  3  4  5  6  7  8  9 10 |
---------------+-------------------------------+-----
Ranged Weapons | 5 6 7 8 9 10 11 | 11.0
Dodging        | 3 4 6 9 |  9.8
Stealth        | 2 4 7 8 |  8.4
Fighting       | 2 4 5 6 |  6.2
Invocations    | 2 |  2.4

Action                   |  1- 3 |  4- 6 |  7- 9 | 10-12 || total
-------------------------+-------+-------+-------+-------++-------
 Fire: Shortbow          |    54 |   221 |   627 |   231 ||  1133
  Use: Potion            |       |       |     3 |     3 ||     6
       Scroll            |       |       |     5 |     3 ||     8
Armor: Robe              |     1 |     5 |    15 |     4 ||    25
Dodge: Dodged            |     4 |    59 |   197 |   108 ||   368

Table legend: (Time is in decaauts)
 A = Elapsed time spent in this place.
 B = Non-inter-level travel time spent in this place.
 C = Inter-level travel time spent in this place.
 D = Time resting spent in this place.
 E = Time spent auto-exploring this place.
 F = Levels seen in this place.
 G = Mean time per level.
                   A        B        C        D        E       F      G
               +--------+--------+--------+--------+--------+-----+--------+
         Total |   7226 |   7022 |    204 |    260 |   4607 |  11 |  656.9 |
       Dungeon |   6665 |   6480 |    185 |    260 |   4358 |   9 |  740.6 |
        Temple |    146 |    127 |     19 |      0 |    117 |   1 |  146.0 |
       Ossuary |    414 |    414 |      0 |      0 |    132 |   1 |  414.0 |
               +--------+--------+--------+--------+--------+-----+--------+

Top non-repeatable levels by time:
     D:5: 1409 daAuts
     D:9: 824 daAuts
     D:7: 786 daAuts
     D:6: 756 daAuts
     D:4: 711 daAuts
     D:1: 640 daAuts
     D:2: 558 daAuts
     D:8: 548 daAuts
     D:3: 429 daAuts
 Ossuary: 414 daAuts
  Temple: 146 daAuts
